 Dungeon Crawl Stone Soup version 0.25.1-8-g42b30a86e7 (webtiles) character file.

Game seed: 9825158643383626507

72 Mattiprrivan the Shooter (level 3, 0/29 HPs)
             Began as a Demigod Hunter on Dec 25, 2020.
             Succumbed to an adder's poison
             ... on level 2 of the Dungeon.
             The game lasted 00:13:18 (1369 turns).

Mattiprrivan the Shooter (Demigod Hunter)           Turns: 1369, Time: 00:13:19

Health: 0/29       AC:  7    Str: 17    XL:     3   Next: 82%
Magic:  5/5        EV: 12    Int: 15    God:
Gold:   115        SH:  0    Dex: 16    Spells: 2/2 levels left

rFire    . . .     SeeInvis .   f - +2 dagger (venom)
rCold    . . .     Gourm    .   (no shield)
rNeg     . . .     Faith    .   c - +2 leather armour
rPois    .         Spirit   .   (no helmet)
rElec    +         Reflect  .   (no cloak)
rCorr    .         Harm     .   (no gloves)
MR       .....                  (no boots)
Stlth    ++........             (no amulet)
HPRegen  0.09/turn              (no ring)
MPRegen  0.09/turn              (no ring)

@: lethally poisoned (0 -> -15)
A: molten scales 1, high mp 1, electricity resistance
a: no special abilities


You were on level 2 of the Dungeon.
You were full.

You visited 1 branch of the dungeon, and saw 2 of its levels.

You collected 115 gold pieces.

Inventory:

Hand Weapons
 a - a +1 shortbow
 b - a +0 short sword
 e - a +1 hunting sling of flaming
 f - a +2 dagger of venom (weapon)
Missiles
 d - 40 arrows
 g - 17 stones (quivered)
 i - 47 sling bullets
Armour
 c - a +2 leather armour (worn)
Comestibles
 h - 2 rations
 j - a chunk of flesh


   Skills:
 * Level 2.0 Fighting
 * Level 1.1 Short Blades
 * Level 0.1(0.2) Slings
 * Level 4.3 Bows
 * Level 0.1(0.2) Throwing
 * Level 0.5 Armour
 + Level 1.7 Dodging
 * Level 1.4 Stealth
 * Level 0.6 Unarmed Combat


You had 2 spell levels left.
You didn't know any spells.
Your spell library was empty.

Dungeon Overview and Level Annotations

Branches:
Dungeon (2/15)


Innate Abilities, Weirdness & Mutations

You have an increased reservoir of magic. (+10% MP)
You are partially covered in molten scales. (AC +2)
You are resistant to electric shocks. (rElec)


Message History

You are more poisoned.
The adder poisons you! The adder barely misses you.
You aren't carrying any potions.
Unknown command.
Unknown command.
Unknown command.
You hit the adder.
The adder looks as sick as possible!
The adder is heavily wounded.
* * * LOW HITPOINT WARNING * * *
You feel sick. The adder bites you.
* * * LOW HITPOINT WARNING * * *
You are more poisoned.
The adder poisons you!
You hit the adder.
You kill the adder!
* * * LOW HITPOINT WARNING * * *
You feel sick.
There is a lethal amount of poison in your body!
There is a lethal amount of poison in your body!
You die...

.### #....# ..#######
#....## .#. >........
+?.... .... ..#######
#....# .... ..# #....
...# ..# #...####...# ..#
+....((...(# ..#
#...#..#..[.# #.#
#...#@.# ..# #.#
####...#†.#....# #.#
#..'...†.......# #+## ###
#.# #.##...####.#..###..#
#.. #.#
#.#.................# #..
#.#####
#.#.....###.######..###..
......###.#.....#
..............
#.........#.....#
#######.......
...##.#####.....#
#.............


There were no monsters in sight!

Vanquished Creatures
  4 adders (D:2)
  An ooze (D:2)
  2 dart slugs
  3 bats
  3 giant cockroaches
  5 goblins
  2 hobgoblins (D:2)
  2 jackals (D:2)
  2 kobolds (D:1)
  A ball python (D:2)
  2 frilled lizards (D:2)
  A rat (D:2)
28 creatures vanquished.

Notes
Turn   | Place    | Note
-------+----------+-------------------------------------------
     0 | D:1      | Mattiprrivan the Demigod Hunter began the quest for the
                  | Orb.
     0 | D:1      | Reached XP level 1. HP: 17/17 MP: 3/3
   233 | D:1      | Gained mutation: You are partially covered in molten
                  | scales. (AC +2) [potion of mutation]
   233 | D:1      | Gained mutation: You are resistant to electric shocks.
                  | (rElec) [potion of mutation]
   276 | D:1      | Reached skill level 4 in Bows
   276 | D:1      | Reached XP level 2. HP: 24/24 MP: 4/4
   782 | D:2      | Reached skill level 1 in Stealth
   795 | D:2      | Reached XP level 3. HP: 22/29 MP: 5/5
  1364 | D:2      | Reached skill level 1 in Short Blades
  1368 | D:2      | HP: 1/29 [poisoned by an adder]
  1369 | D:2      | Succumbed to an adder's poison

Illustrated notes

Levels and vault maps discovered:
D:1:      dpeg_arrival_windows_large_door, layout_rooms
D:2:      layout_basic, minmay_quadrilaterals

Skill      XL: |  1  2  3 |
---------------+----------+-----
Bows           | 4 |  4.3
Fighting       | 2 |  2.0
Stealth        | 1 |  1.4
Short Blades   | 1 |  1.1
Slings         | |  0.1
Throwing       | |  0.1
Armour         | |  0.5
Dodging        | |  1.7
Unarmed Combat | |  0.6

Action                   || total
-------------------------++-------
Melee: Dagger            ||    14
 Fire: Shortbow          ||    65
  Use: Scroll            ||     7
       Potion            ||     5
  Eat: Ration            ||     2
Armor: Leather armour    ||    10
Dodge: Dodged            ||    25
